 Dungeon Crawl Stone Soup version 0.28-a0-732-g75e6d9beac (webtiles) character file.

Game seed: 8611655355922231586

15574 KennyOmg the Severer (level 12, -1/115 HPs)
             Began as a Minotaur Berserker on Oct 29, 2021.
             Was a High Priest of Trog.
             Slain by an ogre mage (4 damage)
             ... while petrified by a basilisk
             ... on level 11 of the Dungeon.
             The game lasted 00:15:41 (12777 turns).

KennyOmg the Severer (Minotaur Berserker)          Turns: 12777, Time: 00:15:41

Health: -1/115     AC: 12    Str: 27    XL:     12   Next: 2%
Magic:  11/11      EV:  2    Int:  5    God:    Trog [*****.]
Gold:   482        SH:  0    Dex: 15    Spells: 11/11 levels left

rFire   . . .      SeeInvis .   x - +0 war axe
rCold   . . .      Faith    +   z - +0 tower shield
rNeg    + + +      Spirit   .   G - +0 plate armour
rPois   ∞          Reflect  .   (helmet restricted)
rElec   .          Harm     .   m - +0 cloak
rCorr   .          Rampage  .   (no gloves)
Will    .....                   (no boots)
Stlth   ..........              A - amulet of faith {!P}
HPRegen 0.29/turn               y - ring of poison resistance
MPRegen 0.12/turn               o - +6 ring of dexterity

@: petrified
A: horns 2, retaliatory headbutt
a: Renounce Religion, Berserk, Trog's Hand, Brothers in Arms


You were on level 11 of the Dungeon.
You worshipped Trog.
Trog was extremely pleased with you.
You visited 1 branch of the dungeon, and saw 11 of its levels.

You collected 482 gold pieces.

Inventory:

Hand Weapons
 a - a +0 hand axe
 w - the +2 dagger "Hueror" {drain, rC+ Int+2}
   (You found it on level 7 of the Dungeon)

   A truly terrible weapon, it drains the life of any living foe it strikes.
   Int:       It affects your intelligence (+2).
   rC:        It protects you from cold.
 x - a +0 war axe (weapon)
   (You found it on level 6 of the Dungeon)
Missiles
 b - 5 throwing nets (quivered) {!f}
Armour
 m - a +0 cloak (worn)
   (You found it on level 2 of the Dungeon)
 z - a +0 tower shield (worn)
   (You took it off a hobgoblin on level 4 of the Dungeon)
 G - a +0 plate armour (worn)
   (You took it off an orc warrior on level 9 of the Dungeon)
Jewellery
 h - a +6 ring of intelligence
   (You found it on level 1 of the Dungeon)
 o - a +6 ring of dexterity (right hand)
   (You found it on level 3 of the Dungeon)
 y - a ring of poison resistance (left hand)
   (You found it on level 10 of the Dungeon)
 A - an amulet of faith (around neck) {!P}
   (You found it on level 7 of the Dungeon)
Wands
 t - a wand of flame (14)
   (You found it on level 5 of the Dungeon)
 u - a wand of paralysis (11)
   (You found it on level 7 of the Dungeon)
 v - a wand of polymorph (17)
   (You found it on level 5 of the Dungeon)
Scrolls
 e - a scroll of acquirement {unknown}
 f - 4 scrolls of magic mapping {unknown}
 j - 3 scrolls of fear {unknown}
 l - a scroll of noise {unknown}
 p - a scroll of enchant armour {unknown}
 r - 4 scrolls of teleportation {@r4}
 B - a scroll of torment {unknown}
 D - 3 scrolls of identify {@r1}
Potions
 c - a potion of might
 d - a potion of attraction {!q}
 g - 3 potions of heal wounds {@q2}
 i - 2 potions of degeneration {unknown}
 k - 2 potions of resistance
 n - 3 potions of curing {@q1}
 q - a potion of lignification {unknown}
 s - 2 potions of flight
 C - a potion of mutation {unknown}
 E - a potion of ambrosia {unknown}
 F - a potion of berserk rage {unknown}


   Skills:
 + Level 13.4 Fighting
 - Level 16.0 Axes
 - Level 2.4 Armour
 - Level 2.1 Dodging
 * Level 11.5 Shields


You had 11 spell levels left.
You didn't know any spells.
Your spell library was empty.

Dungeon Overview and Level Annotations

Branches:
Dungeon (11/15)            Temple (0/1) D:4
   Lair: D:8-11         Orc: D:9-12

Altars:
Hepliaklqana

Shops:
D:3 =   D:4 ?   D:5 *

Annotations:
D:7 2 transporters, Execuda's ghost, novice MiCA


Innate Abilities, Weirdness & Mutations

You have a pair of horns on your head.
You reflexively headbutt those who attack you in melee.


Message History

A cyclops comes into view.
The orc warrior moves out of view.
Your limbs are stiffening.
Things that are here:
5 large rocks; a cyclops corpse The catoblepas bellows!
You slash the basilisk! You headbutt the basilisk!
You hit the gargoyle but do no damage.
You hear a shout!
You hear a horrible gurgling sound!
The gargoyle hurls a stone arrow at you.
The stone arrow hits you! You block the ogre mage's attack.
The basilisk bites you.
A meliai comes into view. It is wielding a +0 hand axe.
You have turned to stone.
The meliai buzzes angrily.
You hear a shout!
The ogre mage hits you from afar with a +0 spear!
A seven-headed hydra comes into view.
The gargoyle hits you with a +0 flail!
* * * LOW HITPOINT WARNING * * *
The basilisk bites you.
* * * LOW HITPOINT WARNING * * *
The ogre mage hits you but does no damage.
The gargoyle hits you with a +0 flail!!
* * * LOW HITPOINT WARNING * * *
The basilisk gazes at you. You resist with some effort.
The ogre mage hits you from afar with a +0 spear.
The gargoyle hurls a stone arrow at you.
The stone arrow hits you!!
* * * LOW HITPOINT WARNING * * *
The basilisk bites you!
* * * LOW HITPOINT WARNING * * *
The meliai drinks a potion.
The meliai seems to grow stronger.
The meliai invokes the aid of its god against you.
Something smites you!
* * * LOW HITPOINT WARNING * * *
The ogre mage hits you from afar with a +0 spear.
The gargoyle hurls a stone arrow at you.
The stone arrow hits you!!
* * * LOW HITPOINT WARNING * * *
The basilisk completely misses you.
The ogre mage casts a spell.
The ogre mage flickers and vanishes!
Deactivating autopickup; reactivate with Ctrl-A.
The gargoyle hits you with a +0 flail!
* * * LOW HITPOINT WARNING * * *
The basilisk bites you.
* * * LOW HITPOINT WARNING * * *
A centaur warrior comes into view.
Something hits you!
You die...

####.###### #.........#####
#..............
#...###)######### ## #######
#.#.#..## #8.8.8##.# #..#..#
##...#...###.8.8.#.## ##.#.#.#
##....##...##8.8.8.#.###..#.#.#
......###...#.898†###.#.#.#.#.#
##....# ##..#8.8@8# ##.##..#..#
##.#.###.#####l### ######.###
##....#⌠...⌠#.y{ ##.#.##
#<....#..#..#.YC #.###.#
#.....#.###.#$.. #.# #.#
#.....#..#..#$$$ #.###.#
##....#⌠)..⌠#$$$ ##...##
.##.#.###)#####. ##.###
.##.#.#..#).# #..#.#


You could see a catoblepas, a cyclops, a basilisk, a gargoyle and a meliai
(strong).

Vanquished Creatures
  Harold (D:8)
  A boulder beetle (D:11)
  5 two-headed ogres
  A cyclops (D:11)
  A manticore (D:11)
  Maggie (D:10)
  2 unseen horrors (D:11)
  A komodo dragon (D:6)
  2 kobold demonologists (D:7)
  2 trolls (D:11)
  5 wraiths
  A wyvern (D:6)
  14 yaks
  4 steam dragons
  2 water moccasins
  4 orc warriors
  3 sky beasts
  An ogre (D:5)
  2 necrophages
  5 centaurs
  5 kobold brigands
  5 scorpions (D:4)
  2 bullfrogs
  A water moccasin skeleton (D:6)
  A wyvern skeleton (D:7)
  6 killer bees (D:9)
  8 wights (D:8)
  6 howler monkeys
  3 jellies
  7 centaur zombies
  2 bullfrog zombies
  2 gnoll shamans
  2 hounds
  5 orc priests
  3 bullfrog skeletons
  3 centaur skeletons
  7 orc wizards
  2 howler monkey zombies
  10 gnolls
  5 adders
  2 shadow imps
  2 white imps
  An adder zombie (D:5)
  An adder skeleton (D:4)
  A worm (D:2)
  5 dart slugs
  18 orcs
  4 ball pythons
  6 endoplasms
  8 giant cockroaches
  10 goblins
  5 hobgoblins
  4 jackals (D:2)
  2 quokkas (D:2)
  7 bats
  7 frilled lizards
  20 kobolds
  6 rats (D:2)
252 creatures vanquished.

Vanquished Creatures (others)
  9 fungi (D:4)
9 creatures vanquished.

Grand Total: 261 creatures vanquished

Notes
Turn   | Place    | Note
-------+----------+-------------------------------------------
     0 | D:1      | KennyOmg the Minotaur Berserker began the quest for the
                  | Orb.
     0 | D:1      | Reached XP level 1. HP: 19/19 MP: 0/0
   302 | D:1      | Reached skill level 4 in Axes
   381 | D:1      | Reached XP level 2. HP: 21/27 MP: 1/1
  1128 | D:2      | Reached XP level 3. HP: 13/33 MP: 2/2
  1380 | D:2      | Reached skill level 5 in Axes
  1413 | D:2      | Reached ** piety under Trog
  1688 | D:2      | Reached XP level 4. HP: 32/41 MP: 3/3
  2123 | D:3      | Reached skill level 6 in Axes
  2228 | D:3      | Found Bogoefi's Jewellery Shoppe.
  2475 | D:3      | Reached XP level 5. HP: 47/47 MP: 4/4
  2559 | D:3      | Reached *** piety under Trog
  2779 | D:4      | Noticed a necrophage
  2790 | D:4      | Killed a necrophage
  2791 | D:4      | Reached skill level 5 in Fighting
  2898 | D:4      | Found a sand-covered staircase.
  2898 | D:4      | You fall into a shaft and drop 2 floors!
  2898 | D:6      | Noticed a komodo dragon
  2898 | D:6      | Noticed a two-headed ogre
  2904 | D:6      | Reached skill level 7 in Axes
  2904 | D:6      | Reached XP level 6. HP: 26/56 MP: 5/5
  2905 | D:6      | Killed a two-headed ogre
  2906 | D:6      | Reached skill level 9 in Axes
  2906 | D:6      | Reached XP level 7. HP: 32/66 MP: 6/6
  2910 | D:6      | Killed a komodo dragon
  2911 | D:6      | Reached skill level 10 in Axes
  2911 | D:6      | Reached XP level 8. HP: 37/73 MP: 7/7
  3546 | D:5      | Entered Level 5 of the Dungeon
  3610 | D:5      | Reached skill level 11 in Axes
  3632 | D:5      | HP: 3/75 [poisoned by a water moccasin]
  3662 | D:4      | Reached skill level 12 in Axes
  3662 | D:4      | Reached XP level 9. HP: 15/82 MP: 8/8
  3763 | D:4      | Reached **** piety under Trog
  4312 | D:4      | Found a staircase to the Ecumenical Temple.
  4325 | D:4      | Found Upsyxon's Magic Scroll Emporium.
  4869 | D:5      | Found Echonwitz's Assorted Antiques.
  5167 | D:6      | Reached skill level 13 in Axes
  6213 | D:7      | Reached skill level 10 in Fighting
  6213 | D:7      | Reached skill level 1 in Shields
  6261 | D:7      | Noticed Execuda's ghost (novice MiCA)
  6261 | D:7      | Noticed a freezing wraith
  6262 | D:7      | Found a transporter.
  6262 | D:7      | Noticed a boulder beetle
  6271 | D:7      | Identified the +2 dagger "Hueror" {drain, rC+ Int+2}
  6286 | D:7      | Noticed a kobold demonologist
  6286 | D:7      | Noticed a kobold demonologist
  6299 | D:7      | Noticed a red devil
  6299 | D:7      | Killed a kobold demonologist
  6303 | D:7      | Noticed a sixfirhy
  6308 | D:7      | Killed a kobold demonologist
  6309 | D:7      | Reached skill level 14 in Axes
  6706 | D:7      | Reached XP level 10. HP: 58/94 MP: 9/9
  7066 | D:7      | Found a transporter.
  7399 | D:8      | Noticed Harold
  7407 | D:8      | Killed Harold
  8311 | D:9      | Reached skill level 15 in Axes
  8433 | D:9      | Reached ***** piety under Trog
  8434 | D:9      | Reached skill level 5 in Shields
  9713 | D:10     | Entered Level 10 of the Dungeon
  9729 | D:10     | Noticed a two-headed ogre
  9736 | D:10     | Killed a two-headed ogre
  9737 | D:10     | Reached XP level 11. HP: 41/104 MP: 10/10
 10222 | D:10     | Found a hazy altar of Hepliaklqana.
 10354 | D:10     | Reached skill level 16 in Axes
 10389 | D:10     | Received a gift from Trog
 10954 | D:10     | Noticed Maggie
 10971 | D:10     | Killed Maggie
 11120 | D:11     | Noticed a two-headed ogre
 11128 | D:11     | Killed a two-headed ogre
 12051 | D:11     | Noticed a two-headed ogre
 12056 | D:11     | Killed a two-headed ogre
 12057 | D:11     | Reached skill level 10 in Shields
 12057 | D:11     | Noticed a boulder beetle
 12073 | D:11     | Killed a boulder beetle
 12353 | D:11     | Noticed a two-headed ogre
 12361 | D:11     | Killed a two-headed ogre
 12765 | D:11     | Noticed an ogre mage
 12770 | D:11     | Reached XP level 12. HP: 72/115 MP: 11/11
 12770 | D:11     | Noticed a catoblepas
 12772 | D:11     | Noticed a seven-headed hydra
 12776 | D:11     | HP: 5/115 [gargoyle (8)]
 12776 | D:11     | Noticed a centaur warrior
 12777 | D:11     | Slain by an ogre mage

Illustrated notes

Levels and vault maps discovered:
D:1:      dpeg_arrival_fog, layout_loops_ring, minmay_misc_feat_more_columns
D:2:      minmay_inner_zag, layout_rooms, serial_corexii_hall,
          chequers_hall_statues_y, corexii_hall_statues_i
D:3:      layout_basic, serial_shops, nicolae_shop_behind_doors
D:4:      old_forge, layout_cave_pods, minmay_temple_entry_junction,
          serial_shops, nicolae_shop_stone, nicolae_ossuary_entry_monument
D:5:      cheibrodos_helix_gallery, layout_loops_ring, serial_shops,
          nicolae_shop_stone
D:6:      kennysheep_big_flooded_room, layout_layer_cave
D:7:      layout_cave_pools, gammafunk_ghost_arena, serial_bayou_pond_d,
          kennysheep_doodads
D:8:      layout_loops_corners, uniq_harold
D:9:      layout_loops_ring, minivault_19
D:10:     layout_basic, lemuel_doored_altar, uniq_maggie
D:11:     minmay_the_grid_square_5x5_4x4 [minmay_the_grid_square_5x5_slash,
          minmay_the_grid_square_5x5_shrine2,
          minmay_the_grid_square_5x5_misaligned,
          minmay_the_grid_square_5x5_detours,
          minmay_the_grid_square_5x5_checkered_statues,
          minmay_the_grid_square_5x5_prize_gold,
          minmay_the_grid_square_5x5_prize_deathbox,
          minmay_the_grid_square_5x5_six_small,
          minmay_the_grid_square_5x5_minimal,
          minmay_the_grid_square_5x5_prize_waves,
          minmay_the_grid_square_5x5_prize_open, minmay_the_grid_square_5x5_v,
          minmay_the_grid_square_5x5_sharp_hourglass,
          minmay_the_grid_square_5x5_c, minmay_the_grid_square_5x5_n_small,
          minmay_the_grid_square_5x5_shuriken], layout_loops_corners,
          david_lair_shrubbed, hiddenorc2_lemuel,
          gammafunk_ghost_wrathful_warriors, uniq_fannar

Skill      XL: |  1  2  3  4  5  6  7  8  9 10 11 |
---------------+----------------------------------+-----
Axes           | 4 5 6 7 9 10 12 14 15 16 | 16.0
Fighting       | 4 5 7 8 10 11 13 | 13.4
Shields        | 3 6 11 | 11.5
Armour         | |  2.4
Dodging        | |  2.1

Action                   |  1- 3 |  4- 6 |  7- 9 | 10-12 || total
-------------------------+-------+-------+-------+-------++-------
Melee: Hand axe          |    70 |    59 |     5 |       ||   134
       Headbutt          |    11 |     7 |    52 |   111 ||   181
       War axe           |       |       |   158 |   328 ||   486
Invok: Berserk           |     1 |     2 |     1 |     5 ||     9
       Trog's Hand       |       |     1 |     1 |       ||     2
  Use: Scroll            |       |       |     1 |     5 ||     6
 Stab: Sleeping          |     2 |       |       |       ||     2
Armor: Animal skin       |     6 |     8 |     5 |       ||    19
       Ring mail         |       |       |    26 |       ||    26
       Chain mail        |       |       |    24 |    37 ||    61
       Scale mail        |       |       |     8 |       ||     8
       Plate armour      |       |       |       |    89 ||    89
Dodge: Dodged            |    43 |    51 |   109 |    52 ||   255
Block: Tower shield      |       |       |    33 |   243 ||   276

Table legend: (Time is in decaauts)
 A = Elapsed time spent in this place.
 B = Non-inter-level travel time spent in this place.
 C = Inter-level travel time spent in this place.
 D = Time resting spent in this place.
 E = Time spent auto-exploring this place.
 F = Levels seen in this place.
 G = Mean time per level.
                   A        B        C        D        E       F      G
               +--------+--------+--------+--------+--------+-----+--------+
         Total |  12885 |  12438 |    447 |   2772 |   7779 |  11 | 1171.4 |
       Dungeon |  12885 |  12438 |    447 |   2772 |   7779 |  11 | 1171.4 |
               +--------+--------+--------+--------+--------+-----+--------+

Top non-repeatable levels by time:
    D:11: 1757 daAuts
     D:6: 1636 daAuts
     D:9: 1512 daAuts
    D:10: 1353 daAuts
     D:4: 1104 daAuts
     D:7: 1052 daAuts
     D:8: 998 daAuts
     D:2: 991 daAuts
     D:1: 933 daAuts
     D:3: 856 daAuts
     D:5: 689 daAuts
